 Dungeon Crawl Stone Soup version 0.26-a0-682-g294304f6e8 (webtiles) character file.

Game seed: 1787309362185004890

1423 mattiecakes the Grappler (level 8, -2/74 HPs)
             Began as a Troll Berserker on Oct 21, 2020.
             Was an Elder of Trog.
             Slain by Maggie
             ... wielding a +0 broad axe of flaming
              (5 damage)
             ... on level 6 of the Dungeon.
             The game lasted 00:06:35 (4143 turns).

mattiecakes the Grappler (Troll Berserker)          Turns: 4143, Time: 00:06:37

Health: -2/74      AC:  6    Str: 28    XL:     8   Next: 44%
Magic:  7/7        EV: 10    Int:  3    God:    Trog [****..]
Gold:   282        SH:  0    Dex:  9    Spells: 7/7 levels left

rFire    . . .     SeeInvis .     - Unarmed
rCold    . . .     Faith    .   (no shield)
rNeg     . . .     Spirit   .   a - +0 animal skin
rPois    .         Reflect  .   (helmet restricted)
rElec    .         Harm     .   m - scarf {repulsion}
rCorr    .         Rampage  .   (gloves unavailable)
MR       .....                  (boots unavailable)
Stlth    ++........             (no amulet)
HPRegen  0.62/turn              o - ring of stealth
MPRegen  0.10/turn              (no ring)

@: mesmerised, repel missiles
A: large, unfitting armour, claws 3, regeneration 1, shaggy fur 1, tough skin 3
a: Berserk, Trog's Hand, Brothers in Arms, Renounce Religion


You were on level 6 of the Dungeon.
You worshipped Trog.
Trog was greatly pleased with you.
You visited 1 branch of the dungeon, and saw 6 of its levels.

You collected 282 gold pieces.

Inventory:

Armour
 a - a +0 animal skin (worn)
 m - a scarf of repulsion (worn)
Jewellery
 o - a ring of stealth (left claw)
 q - an uncursed ring of wizardry {unknown}
Wands
 l - a wand of flame (8)
Scrolls
 b - 5 scrolls of remove curse
 c - 3 scrolls of blinking {unknown}
 d - 12 scrolls of identify {unknown}
 e - 3 scrolls of teleportation {unknown}
 h - 2 scrolls of amnesia {unknown}
 r - a scroll of random uselessness {unknown}
 s - a scroll of noise {unknown}
Potions
 f - a potion of flight {unknown}
 g - a potion of degeneration {unknown}
 i - 2 potions of might {unknown}
 j - a potion of magic {unknown}
 k - 2 potions of berserk rage {unknown}
 n - a potion of stabbing {unknown}
 p - 2 potions of curing {unknown}
 t - a potion of ambrosia {unknown}
 u - a potion of haste {unknown}


   Skills:
 + Level 2.9 Fighting
 + Level 1.2 Armour
 + Level 2.9 Dodging
 - Level 10.3 Unarmed Combat


You had 7 spell levels left.
You didn't know any spells.
Your spell library was empty.

Dungeon Overview and Level Annotations

Branches:
Dungeon (6/15)             Temple (0/1) D:4

Altars:
Ashenzari
Makhleb

Shops:
D:5 (

Annotations:
D:6 Maggie


Innate Abilities, Weirdness & Mutations

You are too large for most types of armour.
You have claws for hands.
Your natural rate of healing is unusually fast.
You are covered in fur. (AC +1)
You have extremely tough skin. (AC +3)


Message History

Maggie is heavily wounded.
The bullfrog closely misses you.
Maggie hits you with a +0 broad axe of flaming!
Maggie burns you. The bullfrog misses you.
You scratch Maggie.
Maggie is heavily wounded.
The bullfrog hits you.
* * * LOW HITPOINT WARNING * * *
You closely miss Maggie.
Maggie is heavily wounded.
Maggie hits you but does no damage. The bullfrog hits you.
* * * LOW HITPOINT WARNING * * *
You claw Maggie!
Maggie is severely wounded.
The bullfrog hits you.
* * * LOW HITPOINT WARNING * * *
Maggie hits you with a +0 broad axe of flaming!
* * * LOW HITPOINT WARNING * * *
Maggie burns you.
You die...

#........##.# #
#..).....##.####
#........##.....
#........##.....
#####........##.....
#............##.....
#............##.....
#............+...<..
#..@.........###....
#.@F.######.........
#....# .########
#....# # #....#
#....# #....# ......


You could see Maggie (mesmerising) and a bullfrog.

Vanquished Creatures
  Grinder (D:3)
  Eustachio (D:5)
  Menkaure (D:6)
  2 ogres
  Blork the orc (D:6)
  4 wights (D:4)
  A hound (D:5)
  Crazy Yiuf (D:2)
  2 orc priests
  An orc wizard (D:4)
  A bullfrog skeleton (D:4)
  5 worker ants
  A mummy (D:4)
  A worker ant zombie (D:6)
  5 adders
  4 gnolls (D:2)
  2 shadow imps
  A white imp (D:6)
  An ufetubus (D:4)
  An ooze (D:5)
  9 worms
  2 dart slugs
  3 leopard geckos
  7 orcs
  3 giant cockroaches
  8 goblins
  6 hobgoblins
  22 jackals
  4 quokkas
  A ball python (D:5)
  7 bats
  5 frilled lizards
  A goblin zombie (D:4)
  5 kobolds
  A kobold zombie (D:4)
  7 rats
128 creatures vanquished.

Notes
Turn   | Place    | Note
-------+----------+-------------------------------------------
     0 | D:1      | mattiecakes the Troll Berserker began the quest for the
                  | Orb.
     0 | D:1      | Reached XP level 1. HP: 22/22 MP: 0/0
    67 | D:1      | Reached XP level 2. HP: 29/29 MP: 1/1
   505 | D:1      | Reached skill level 4 in Unarmed Combat
   751 | D:2      | Reached XP level 3. HP: 31/36 MP: 2/2
   846 | D:2      | Reached ** piety under Trog
   907 | D:2      | Reached skill level 5 in Unarmed Combat
   907 | D:2      | Reached XP level 4. HP: 22/44 MP: 3/3
  1184 | D:2      | Found a runed translucent door.
  1185 | D:2      | Noticed Crazy Yiuf
  1656 | D:2      | Killed Crazy Yiuf
  1656 | D:2      | Reached XP level 5. HP: 47/50 MP: 4/4
  1900 | D:3      | Reached skill level 6 in Unarmed Combat
  1947 | D:3      | Noticed an ogre
  1953 | D:3      | Killed an ogre
  2154 | D:3      | Reached XP level 6. HP: 59/59 MP: 5/5
  2163 | D:3      | Noticed Grinder
  2165 | D:3      | Reached *** piety under Trog
  2175 | D:3      | Paralysed by Grinder for 4 turns
  2180 | D:3      | Killed Grinder
  2180 | D:3      | Reached skill level 7 in Unarmed Combat
  2341 | D:3      | Reached skill level 8 in Unarmed Combat
  2396 | D:4      | Reached XP level 7. HP: 66/66 MP: 6/6
  2446 | D:4      | Found a staircase to the Ecumenical Temple.
  2528 | D:4      | Found a burning altar of Makhleb.
  2725 | D:4      | Found a broken altar of Ashenzari.
  2814 | D:4      | Reached skill level 9 in Unarmed Combat
  3419 | D:5      | Entered Level 5 of the Dungeon
  3426 | D:5      | Reached XP level 8. HP: 74/74 MP: 7/7
  3465 | D:5      | Noticed Eustachio
  3487 | D:5      | Killed Eustachio
  3487 | D:5      | Reached skill level 10 in Unarmed Combat
  3564 | D:5      | Reached **** piety under Trog
  3824 | D:5      | Found Coopuc's Antique Weapon Boutique.
  4046 | D:6      | Noticed Blork the orc
  4064 | D:6      | Killed Blork the orc
  4065 | D:6      | Noticed Menkaure
  4074 | D:6      | Killed Menkaure
  4074 | D:6      | Reached skill level 1 in Armour
  4128 | D:6      | Noticed Maggie
  4143 | D:6      | HP: 3/74 [Maggie/+0 broad axe of flaming (10)]
  4143 | D:6      | Slain by Maggie

Illustrated notes

Levels and vault maps discovered:
D:1:      nicolae_arrival_memento_mori, layout_basic
D:2:      layout_loops_ring, uniq_crazy_yiuf_cottage
D:3:      layout_basic, uniq_grinder
D:4:      layout_basic, lemuel_crystal_altar, old_standard_altar,
          minmay_temple_entry_tees, nicolae_ossuary_entry_giza,
          minmay_misc_feat_cross, grunt_ministairs_14
D:5:      layout_basic, serial_shops, nicolae_shop_trees, uniq_eustachio
D:6:      layout_basic, yredelemnul_forgotten_temple_becter,
          nicolae_dithmenos_through_a_glass_darkly, serial_shops, shop,
          uniq_pikel, uniq_maggie, uniq_blork_the_orc, uniq_menkaure

Skill      XL: |  1  2  3  4  5  6  7  8 |
---------------+-------------------------+-----
Unarmed Combat | 4 5 6 8 9 10 | 10.3
Armour         | 1 |  1.2
Fighting       | |  2.9
Dodging        | |  2.9

Action                   |  1- 3 |  4- 6 |  7- 9 || total
-------------------------+-------+-------+-------++-------
Melee: Unarmed           |    86 |   112 |   139 ||   337
       Punch             |     3 |     2 |     4 ||     9
  Use: Scroll            |       |     1 |       ||     1
 Stab: Sleeping          |       |     1 |     3 ||     4
       Distracted        |       |       |     1 ||     1
Armor: Animal skin       |    37 |    52 |    26 ||   115
Dodge: Dodged            |    71 |    74 |    66 ||   211
       Repelled          |       |       |     1 ||     1

Table legend: (Time is in decaauts)
 A = Elapsed time spent in this place.
 B = Non-inter-level travel time spent in this place.
 C = Inter-level travel time spent in this place.
 D = Time resting spent in this place.
 E = Time spent auto-exploring this place.
 F = Levels seen in this place.
 G = Mean time per level.
                   A        B        C        D        E       F      G
               +--------+--------+--------+--------+--------+-----+--------+
         Total |   4098 |   3860 |    238 |     71 |   3144 |   6 |  683.0 |
       Dungeon |   4098 |   3860 |    238 |     71 |   3144 |   6 |  683.0 |
               +--------+--------+--------+--------+--------+-----+--------+

Top non-repeatable levels by time:
     D:2: 1062 daAuts
     D:4: 1020 daAuts
     D:1: 735 daAuts
     D:5: 598 daAuts
     D:3: 566 daAuts
     D:6: 114 daAuts
